cohdb
Replays
Latest Replays
All Replays
Popular Replays
Top Player Replays
Match Explorer
How It Works
Community
CoH3 Stats
Reddit
Sign in to upload your games and track your stats! →
Sign in with Steam
Match 45138809
Unlisted
Match 45138809
Overview
Messages
Build Orders
End
Construct Section Command Post
Vickers Machine Gun Team
Selects Heavy Armor Battlegroup
Infantry Section
Dingo Light Scout Car
Infantry Section
Royal Engineer Section
Construct Platoon Command Post
Unlock M3 Stuart Light Tanks
M3 Stuart Light Tank
Construct Field Infirmary
Grenade Package
Vickers Machine Gun Team
6-pounder Anti-tank Gun Team
Selects Light Vehicle Withdraw and Refit
Selects UNKNOWN (202330)
Selects Rigorous Vehicle Training
Selects Forward Repair Assembly
6-pounder Anti-tank Gun Team
Construct Company Command Post
Shogun
T0MMY
Pioneer Combine
Sayamander 🐉
BigBoss
KuruKuru
鸡鲲球长
游戏玩家
0
0
Comments
sign in to comment!
No comments posted yet!